 Dungeon Crawl Stone Soup version 0.30-a0-34-gbe8da3892a (webtiles) character file.

Game seed: 8621266836622833435

5045 Sobieck the Skirmisher (level 10, -5/53 (55) HPs)
             Began as a Vine Stalker Hunter on Aug 27, 2022.
             Slain by a two-headed ogre
             ... wielding a +0 giant spiked club
              (15 damage)
             ... on level 7 of the Dungeon.
             The game lasted 00:18:56 (6970 turns).

Sobieck the Skirmisher (Vine Stalker Hunter)        Turns: 6970, Time: 00:18:57

HP:   -5/53 (55)    AC:  8    Str: 14    XL:     10   Next: 55%
MP:   0/11          EV: 13    Int: 12    God:
Gold: 269           SH:  0    Dex: 27    Spells: 9/9 levels left

rFire   + + .      SeeInvis .    b - +6 mace "Zolosch" {flame, rC+ Dex+2, mace}
rCold   + + .      Faith    .    (no shield)
rNeg    . . .      Spirit   +    A - +2 robe {rF+}
rPois   +          Reflect  .    (no helmet)
rElec   .          Harm     .    (no cloak)
rCorr   .          Rampage  .    Q - +2 pair of gloves {Dex+3}
Will    ++...                    S - +0 pair of boots
Stlth   ++++++....               m - amulet of magic regeneration {@e2}
HPRegen 0.97/turn                w - ring "Huyffo" {*Corrode rF+ Will+ Int+3}
MPRegen 0.52/turn                g - ring "Toorr" {rPois rC+ Stlth+}

@: lightly drained
A: fangs 3, regeneration 1, magic shield, antimagic bite, no potion heal 2
a: no special abilities


You were on level 7 of the Dungeon.
You visited 2 branches of the dungeon, and saw 9 of its levels.
You also visited: Ossuary.

You collected 269 gold pieces.


Innate Abilities, Weirdness & Mutations

You have razor-sharp teeth.
Your natural rate of healing is unusually fast.
When hurt, damage is shared between your health and your magic reserves.
Your bite disrupts and absorbs the magic of your enemies.
Potions cannot restore your health.


   Skills:
 - Level 7.0 Fighting
 * Level 3.5 Long Blades
 - Level 11.0 Ranged Weapons
 - Level 1.5 Dodging
 - Level 8.0 Stealth


You had 9 spell levels left.
You didn't know any spells.
Your spell library contained the following spells:

 Spells                   Type           Power      Damage    Failure   Level
 Ensorcelled Hibernation  Hex/Ice        0%         N/A       45%         2
 Passwall                 Tmut/Erth      0%         N/A       45%         2
 Swiftness                Air            0%         N/A       69%         3

Inventory:

Hand Weapons
 a - a +1 shortbow {bow}
 b - the +6 mace "Zolosch" (weapon) {flame, rC+ Dex+2, mace}
   (You found it on level 2 of the Dungeon)

   It burns those it strikes, dealing additional fire damage.
   Dex:       It affects your dexterity (+2).
   rC:        It protects you from cold.
 u - a +0 dagger {short}
   (You took it off a kobold on level 1 of the Dungeon)
 y - a +5 scimitar {long}
   (You took it off a wight on level 7 of the Dungeon)
 X - a +1 short sword of venom {short}
   (You found it on level 6 of the Dungeon)
Missiles
 d - 62 stones {throwing}
 q - 6 curare-tipped darts {=fthrowing}
 s - 24 poisoned darts {throwing}
 x - a throwing net {=f!fthrowing}
 L - 3 javelins {throwing}
Armour
 f - a +0 ring mail
   (You found it on level 1 of the Dungeon)
 h - a +0 chain mail
   (You found it on level 1 of the Dungeon)
 n - a +0 leather armour
   (You found it on level 1 of the Dungeon)
 A - a +2 robe of fire resistance (worn)
   (You took it off Psyche on level 8 of the Dungeon)
 B - a +0 helmet
   (You found it on level 3 of the Dungeon)
 C - a +0 robe
   (You found it on level 3 of the Dungeon)
 E - a +0 chain mail
   (You took it off an orc on level 4 of the Dungeon)
 H - a +1 robe of cold resistance
   (You took it off Jessica on level 2 of the Dungeon)
 Q - a +2 pair of gloves of dexterity (worn)
   (You acquired it on level 7 of the Dungeon)
 S - a +0 pair of boots (worn)
   (You found it on level 5 of the Dungeon)
 T - a +0 leather armour
   (You found it on level 5 of the Dungeon)
 U - a +0 ring mail
   (You took it off an orc on level 6 of the Dungeon)
 V - a +0 robe
   (You took it off an orc wizard on level 6 of the Dungeon)
 W - a +0 chain mail
   (You found it on level 6 of the Dungeon)
 Z - a +0 scale mail
   (You found it on level 6 of the Dungeon)
Magical Staves
 I - a staff of fire {!astaff}
   (You found it on level 2 of the Dungeon)
Jewellery
 g - the ring "Toorr" (right hand) {rPois rC+ Stlth+}
   (You acquired it on level 6 of the Dungeon)

   [ring of poison resistance]

   rC:        It protects you from cold.
   rPois:     It protects you from poison.
   Stlth:     It makes you more stealthy.
 k - a ring of fire
   (You found it on level 8 of the Dungeon)
 m - an amulet of magic regeneration (around neck) {@e2}
   (You took it off a gnoll on level 3 of the Dungeon)
 w - the ring "Huyffo" (left hand) {*Corrode rF+ Will+ Int+3}
   (You found it on level 3 of the Dungeon)

   [ring of protection from fire]

   Int:       It affects your intelligence (+3).
   rF:        It protects you from fire.
   *Corrode:  It may corrode you when you take damage.
   Will:      It increases your willpower.
 D - a ring of protection from fire
   (You found it on level 3 of the Dungeon)
 O - a ring of flight
   (You found it on level 5 of the Dungeon)
Wands
 c - a wand of digging (4)
   (You took it off Duvessa on level 7 of the Dungeon)
 M - a wand of flame (13)
   (You found it on level 7 of the Dungeon)
 N - a wand of iceblast (10)
   (You found it on level 7 of the Dungeon)
Scrolls
 e - 6 scrolls of fog
 l - 3 scrolls of immolation {!r!r}
 o - 4 scrolls of teleportation {@r4}
 p - 3 scrolls of blinking {!r}
 t - 4 scrolls of torment {!r}
 F - a scroll of enchant weapon
 J - a scroll of vulnerability {!r!r}
 K - a scroll of fear
Potions
 i - a potion of ambrosia
 j - 4 potions of brilliance
 r - a potion of berserk rage {!q}
 v - a potion of curing {@q1}
 z - 2 potions of resistance {unknown}
 G - 2 potions of might
 P - a potion of invisibility
 R - a potion of lignification {unknown}
 Y - a potion of haste {@q3}

Dungeon Overview and Level Annotations

Branches:
Dungeon (8/15) Zot: 26486  Temple (1/1) D:5 Zot: 5819 Ossuary (visited)
   Lair: D:8-11

Altars:
Cheibriados
Dithmenos
Elyvilon
Fedhas
Gozag
Hepliaklqana
Kikubaaqudgha
Nemelex Xobeh
Okawaru
Qazlal
Ru
Sif Muna
Trog
Vehumet
Wu Jian
Xom
Zin
The Shining One

Annotations:
D:8 Joseph

#.## #.......# #...# #### .##
#####...### ###.### #... ##
#.......## #.....# #.##
#####.##.....########.###.####.#
#......#...........##.# #......#
#.###..#.....##.#.#.#.###.######
#.###..#..................#
.<......†...###.###..######
..#.#..###.## ##@O.......#
..#.#..# #.# ###.#.###.#
.......###.### #.#.###.#
.####>##..†..# #....##.#
.####.##....># ##.#..##.#
......##..†..# #........#
.#######.....# #........# ...#
#.....# #.###.#.## ##.# #######
#.##..#.#


You could see a two-headed ogre.


Message History

You feel agile.
The +6 mace "Zolosch" {flame, rC+ Dex+2, mace} bursts into flame!
b - the +6 mace "Zolosch" (weapon)
{flame, rC+ Dex+2, mace} The wight hits you with a +2 long sword!
You feel drained.
You hit the wight. You burn the wight.
You destroy the wight!
No target in view!
No target in view!
Unknown command.
The +6 mace "Zolosch" {flame, rC+ Dex+2, mace} stops flaming.
a - a +1 shortbow (weapon)
{bow} Your pack is full.
Things that are here:
a +2 long sword {long}; a +0 robe Unknown command.
Your pack is full.
Things that are here:
a +2 long sword {long}; a +0 robe Unknown command.
Your pack is full.
Things that are here:
a +2 long sword {long}; a +0 robe Could not pick up a +2 long sword {long} here; ([A]lways) ignore it?
Autopickup disabled for long swords.
Things that are here:
a +0 hand axe {axe}; a +0 robe
Found a stone staircase leading down.
Unknown command.
Found an escape hatch in the floor.
Unknown command.
Found an escape hatch in the ceiling.
Unknown command.
Your pack is full.
You see here a +0 scale mail.
Unknown command.
Your pack is full.
You see here a +0 scale mail.
Could not pick up a +0 scale mail here; ([A]lways) ignore it?
Autopickup disabled for scale mails.
Found a stone staircase leading down.
Unknown command.
Joseph, a Mercenary comes into view.
He is wielding a +0 quarterstaff.
You see here a +0 flail {mace}.
Danger!
Unknown command.
Press: ? - help, v - describe, . - travel
Here: Joseph, wielding a +0 quarterstaff and wearing a +0 leather armour (asleep)
The floor.
Placed new exclusion.
Unknown command.
Found a stone staircase leading up.
Unknown command.
d - 62 stones {throwing} (gained 2)
A jelly comes into view.
Danger!
You shoot an arrow. The arrow hits the jelly.
The jelly quivers.
You shoot an arrow. The arrow hits the jelly.
You shoot an arrow. The arrow hits the jelly!
You kill the jelly!
No target in view!
A two-headed ogre comes into view.
It is wielding a +0 giant spiked club and a +0 giant club.
Danger!
You shoot an arrow. The arrow hits the two-headed ogre.
The two-headed ogre shouts in stereo!
You shoot an arrow. The arrow hits the two-headed ogre!
You shoot an arrow.
The arrow barely misses the two-headed ogre.
A kobold comes into view. It is wielding a +0 dagger.
You shoot an arrow. The kobold shouts!
The arrow hits the two-headed ogre.
You shoot an arrow. The arrow hits the two-headed ogre!
You hear a shout!
A kobold comes into view. It is wielding a +0 short sword.
You feel agile.
The +6 mace "Zolosch" {flame, rC+ Dex+2, mace} bursts into flame!
b - the +6 mace "Zolosch" (weapon)
{flame, rC+ Dex+2, mace}
There is an escape hatch in the ceiling here.
The two-headed ogre hits you with a +0 giant spiked club!!
The two-headed ogre misses you. A mysterious force pulls you upwards.
The hatch slams shut behind you.
Unknown command.
Unknown command.
You sock the two-headed ogre! You burn the two-headed ogre.
Your bite misses the two-headed ogre.
The two-headed ogre hits you with a +0 giant spiked club!!
* * * LOW HITPOINT WARNING * * *
The two-headed ogre misses you.
You hit the two-headed ogre. You burn the two-headed ogre.
You bite the two-headed ogre. You drain its power.
You feel invigorated. The two-headed ogre closely misses you.
The two-headed ogre hits you with a +0 giant club!
* * * LOW HITPOINT WARNING * * *
Unknown command.
You hit the two-headed ogre. You burn the two-headed ogre.
You bite the two-headed ogre! You drain its power.
You feel invigorated.
The two-headed ogre hits you with a +0 giant spiked club!!
You die...

Skill      XL: |  1  2  3  4  5  6  7  8  9 10 |
---------------+-------------------------------+-----
Ranged Weapons | 4 5 6 7 8 10 11 | 11.0
Fighting       | 5 7 |  7.0
Stealth        | 7 8 |  8.0
Long Blades    | 3 |  3.5
Dodging        | |  1.5

Action                   |  1- 3 |  4- 6 |  7- 9 | 10-12 || total
-------------------------+-------+-------+-------+-------++-------
Melee: Dagger            |    11 |       |       |       ||    11
       Bite              |     3 |    23 |    51 |     6 ||    83
       Mace              |     3 |    67 |   144 |    32 ||   246
       Punch             |       |     3 |     3 |     2 ||     8
 Fire: Shortbow          |    72 |    50 |   162 |    42 ||   326
  Use: Scroll            |       |    12 |    10 |     1 ||    23
       Potion            |       |     1 |     2 |     1 ||     4
 Stab: Distracted        |       |       |     1 |       ||     1
Armor: Leather armour    |     4 |       |       |       ||     4
       Robe              |       |    13 |    37 |     4 ||    54
       Skin              |       |       |       |    10 ||    10
Dodge: Dodged            |    16 |    40 |   159 |    22 ||   237

Levels and vault maps discovered:
D:1:      dpeg_arrival_chambers_temple_mockup, layout_basic,
          hellmonk_ecumenical_altar_arch_garden, minmay_tetromino_s4
D:2:      layout_basic, basic_altar, minmay_misc_feat_alley, uniq_jessica,
          uniq_natasha
D:3:      layout_rooms, grunt_ministairs_11
D:4:      layout_gridville, enter_ossuary_5
D:5:      layout_basic, temple_doors_e, patterned_corridor
D:6:      layout_rooms, riverfiend_overflow_shadow_ancestor, zin_statuary,
          dk_xom_monty_hall, nicolae_qazlal_scattered_showers
D:7:      layout_loops_cross, nicolae_gozag_cash_rules_everything_around_me,
          nicolae_ru_path_of_blood, okawaru_gym_becter, uniq_duvessa
D:8:      layout_basic, kennysheep_ying_yang,
          chequers_temple_overflow_statue_of_worship, uniq_psyche, uniq_erica,
          uniq_joseph
Temple:   nicolae_temple_bog_church

Notes
Turn   | Place    | Note
-------+----------+-------------------------------------------
     0 | D:1      | Sobieck the Vine Stalker Hunter began the quest for the
                  | Orb.
     0 | D:1      | Reached XP level 1. HP: 11/11 MP: 2/2
   158 | D:1      | Found a faded altar of an unknown god.
   201 | D:1      | Reached skill level 4 in Ranged Weapons
   201 | D:1      | Reached XP level 2. HP: 15/15 MP: 3/3
   770 | D:2      | Reached XP level 3. HP: 15/18 MP: 2/4
   909 | D:2      | Identified the +6 mace "Zolosch" {flame, rC+ Dex+2}
  1021 | D:2      | You fall into a shaft and drop 1 floor!
  1029 | D:3      | Identified the ring "Huyffo" {*Corrode rF+ Will+ Int+3}
  1265 | D:2      | Found a white marble altar of Elyvilon.
  1277 | D:2      | Reached skill level 5 in Ranged Weapons
  1277 | D:2      | Gained mutation: Your natural rate of healing is unusually
                  | fast. [Vine Stalker growth]
  1277 | D:2      | Reached XP level 4. HP: 23/23 MP: 5/5
  1476 | D:2      | Noticed Natasha
  1479 | D:2      | Killed Natasha
  1553 | D:2      | Noticed Jessica
  1558 | D:2      | Killed Jessica
  1927 | D:2      | Noticed Natasha
  1930 | D:2      | Killed Natasha
  1931 | D:2      | Reached XP level 5. HP: 26/26 MP: 6/6
  2377 | D:4      | Noticed a wyvern
  2568 | D:4      | Reached skill level 6 in Ranged Weapons
  2618 | D:4      | Found a sand-covered staircase.
  2622 | Ossuary  | Entered an ossuary
  2658 | Ossuary  | Reached XP level 6. HP: 29/30 MP: 5/7
  2706 | Ossuary  | HP: 7/30 [water moccasin zombie (2)]
  2716 | Ossuary  | Reached skill level 7 in Ranged Weapons
  2849 | Ossuary  | Reached XP level 7. HP: 34/34 MP: 8/8
  3126 | D:3      | HP: 6/34 [gnoll/+0 quarterstaff (6)]
  3278 | D:4      | HP: 4/34 [wyvern (14)]
  3280 | D:4      | HP: 1/34 [wyvern (2)]
  3281 | D:4      | Killed a wyvern
  3282 | D:4      | Reached skill level 8 in Ranged Weapons
  3752 | D:5      | Entered Level 5 of the Dungeon
  3756 | D:5      | Gained mutation: You have razor-sharp teeth. [Vine Stalker
                  | growth]
  3756 | D:5      | Reached XP level 8. HP: 38/38 MP: 9/9
  3807 | D:5      | Reached skill level 9 in Ranged Weapons
  4401 | D:5      | Found a staircase to the Ecumenical Temple.
  4425 | Temple   | Entered the Ecumenical Temple
  4660 | D:5      | You pick up a book of Burglary and begin reading...
  4660 | D:5      | You add the spells Passwall, Ensorcelled Hibernation and
                  | Swiftness to your library.
  4981 | D:6      | Noticed a wyvern
  4989 | D:5      | Killed a wyvern
  4990 | D:5      | Reached skill level 10 in Ranged Weapons
  5098 | D:6      | Found a stormy altar of Qazlal.
  5120 | D:6      | Reached XP level 9. HP: 38/42 MP: 10/10
  5150 | D:6      | Found a shimmering altar of Xom.
  5165 | D:6      | Reached skill level 11 in Ranged Weapons
  5165 | D:6      | Reached skill level 2 in Fighting
  5221 | D:6      | Reached skill level 2 in Stealth
  5285 | D:6      | Reached skill level 3 in Stealth
  5389 | D:6      | Found a glowing silver altar of Zin.
  5463 | D:6      | Found a hazy altar of Hepliaklqana.
  5464 | D:6      | Found a shadowy altar of Dithmenos.
  5567 | D:7      | Noticed Duvessa
  5568 | D:7      | Noticed Dowan
  5577 | D:6      | Reached skill level 3 in Fighting
  5600 | D:7      | HP: 16/66 [Duvessa/+0 short sword (9)]
  5601 | D:7      | HP: 4/66 [Dowan/+0 dagger (5)]
  5602 | D:7      | Killed Duvessa
  5603 | D:7      | Reached skill level 4 in Stealth
  5605 | D:7      | Killed Dowan
  5680 | D:6      | Identified 2 scrolls of acquirement
  5680 | D:6      | Acquired the ring "Toorr" {rPois rC+ Stlth+}
  5843 | D:7      | Reached skill level 5 in Stealth
  5891 | D:7      | Reached skill level 4 in Fighting
  5942 | D:7      | Found an opulent altar of Gozag.
  6060 | D:7      | Found an iron altar of Okawaru.
  6076 | D:7      | Acquired a +2 pair of gloves of dexterity
  6184 | D:7      | Reached skill level 6 in Stealth
  6244 | D:7      | Found a sacrificial altar of Ru.
  6416 | D:7      | Reached skill level 5 in Fighting
  6421 | D:7      | Reached skill level 7 in Stealth
  6486 | D:7      | Reached XP level 10. HP: 16/51 MP: 5/11
  6603 | D:8      | Noticed Psyche
  6610 | D:8      | Noticed a two-headed ogre
  6620 | D:8      | Killed Psyche
  6621 | D:8      | Reached skill level 8 in Stealth
  6624 | D:8      | Killed a two-headed ogre
  6625 | D:8      | Reached skill level 6 in Fighting
  6706 | D:8      | Noticed Erica
  6760 | D:8      | Killed Erica
  6761 | D:8      | Reached skill level 7 in Fighting
  6761 | D:8      | Reached skill level 3 in Long Blades
  6797 | D:8      | Found an ornate altar of the Wu Jian Council.
  6798 | D:8      | Found a blossoming altar of Fedhas.
  6908 | D:8      | Noticed Joseph
  6945 | D:8      | Noticed a two-headed ogre
  6968 | D:7      | HP: 13/53 [two-headed ogre/+0 giant spiked club (25)]
  6970 | D:7      | Slain by a two-headed ogre

Vanquished Creatures
  Erica (D:8)
  Psyche (D:8)
  2 wyverns
  2 water moccasins
  Duvessa (D:7)
  A sky beast (D:7)
  A black bear (D:5)
  2 ogres
  A centaur (D:7)
  A phantom (D:6)
  A kobold brigand (D:6)
  7 bullfrogs
  3 necrophages
  A gnoll sergeant (D:7)
  5 scorpions
  3 water moccasin zombies (Ossuary)
  8 wights
  Dowan (D:7)
  3 hounds
  4 jellies
  4 orc priests
  Jessica (D:2)
  5 iguanas
  3 orc wizards
  Natasha (twice) (D:2)
  2 mummies (Ossuary)
  7 gnolls
  6 adders
  A shadow imp (D:7)
  A white imp (D:7)
  An ufetubus (D:5)
  8 adder zombies (Ossuary)
  A worm (D:2)
  4 dart slugs
  15 orcs
  4 endoplasms
  4 giant cockroaches
  6 hobgoblins
  12 kobolds
  A quokka (D:4)
  4 ball pythons
  2 bats
  4 frilled lizards
  A gnoll zombie (Ossuary)
  7 goblins
  5 hobgoblin zombies (Ossuary)
  2 kobold zombies (Ossuary)
  5 orc zombies (Ossuary)
  5 rats
172 creatures vanquished.

Vanquished Creatures (collateral kills)
  A two-headed ogre (D:8)
1 creature vanquished.

Grand Total: 173 creatures vanquished

Table legend:
 A = Non-vault XP
 B = Vault XP
 C = Vault XP percentage of total XP
 D = Non-vault monster count
 E = Vault monster count
 F = Vault count percentage of total count
                 A         B        C        D         E       F
            +---------+---------+-------+---------+---------+-------
      Total |    5316 |    1892 |  26.2 |     135 |      38 |  22.0
            +---------+---------+-------+---------+---------+-------
        D:1 |      22 |       3 |  12.0 |      14 |       2 |  12.5
        D:2 |      78 |      70 |  47.3 |      17 |       2 |  10.5
        D:3 |      63 |       4 |   6.0 |      15 |       2 |  11.8
        D:4 |     624 |       0 |   0.0 |      22 |       0 |   0.0
        D:5 |     830 |       0 |   0.0 |      16 |       0 |   0.0
        D:6 |     907 |      47 |   4.9 |      19 |       2 |   9.5
        D:7 |    1515 |     207 |  12.0 |      22 |       2 |   8.3
        D:8 |    1277 |    1230 |  49.1 |      10 |       2 |  16.7
    Ossuary |       0 |     331 | 100.0 |       0 |      26 | 100.0
            +---------+---------+-------+---------+---------+-------

Illustrated notes

Table legend:
 A = Kills in this place as a percentage of kills in entire the game.
 B = Kills by you in this place as a percentage of kills by you in the entire game.
 C = Kills by friends in this place as a percentage of kills by friends in the entire game.
 D = Other kills in this place as a percentage of other kills in the entire game.
 E = Experience gained in this place as a percentage of experience gained in the entire game.
 F = Experience gained in this place divided by the number of levels of this place that you have seen.
                   A       B       C       D       E      F
               +-------+-------+-------+-------+-------+----------------------
         Total | 100.0 | 100.0 | 100.0 |   N/A | 100.0 | 720.8
       Dungeon |  85.0 |  84.9 | 100.0 |   N/A |  95.4 | 859.6
       Ossuary |  15.0 |  15.1 |   0.0 |   N/A |   4.6 | 331.0
               +-------+-------+-------+-------+-------+----------------------

Table legend: (Time is in decaauts)
 A = Elapsed time spent in this place.
 B = Non-inter-level travel time spent in this place.
 C = Inter-level travel time spent in this place.
 D = Time resting spent in this place.
 E = Time spent auto-exploring this place.
 F = Levels seen in this place.
 G = Mean time per level.
                   A        B        C        D        E       F      G
               +--------+--------+--------+--------+--------+-----+--------+
         Total |   7052 |   6836 |    216 |    369 |   4885 |  10 |  705.2 |
       Dungeon |   6567 |   6363 |    204 |    342 |   4709 |   8 |  820.9 |
        Temple |    180 |    168 |     12 |      0 |    163 |   1 |  180.0 |
       Ossuary |    304 |    304 |      0 |     27 |     13 |   1 |  304.0 |
               +--------+--------+--------+--------+--------+-----+--------+

Top non-repeatable levels by time:
     D:5: 1070 daAuts
     D:2: 1050 daAuts
     D:4: 981 daAuts
     D:7: 908 daAuts
     D:1: 752 daAuts
     D:3: 709 daAuts
     D:6: 648 daAuts
     D:8: 447 daAuts
 Ossuary: 304 daAuts
  Temple: 180 daAuts
